 Dungeon Crawl Stone Soup version 0.23-a0-650-ga4d50d4 (webtiles) character file.

70 Blackhawk the Skirmisher (level 4, -2/38 HPs)
             Began as a Centaur Fighter on Jan 4, 2019.
             Slain by a gnoll
             ... wielding a +0 spear
              (4 damage)
             ... on level 2 of the Dungeon.
             The game lasted 00:02:33 (1225 turns).

Blackhawk the Skirmisher (Centaur Fighter)          Turns: 1225, Time: 00:02:33

Health: -2/38      AC:  7    Str: 20    XL:     4   Next: 4%
Magic:  4/4        EV:  3    Int:  7    God:
Gold:   110        SH:  8    Dex:  8    Spells: 3/3 levels left

rFire    . . .     SeeInvis .   a - +0 trident
rCold    . . .     Gourm    .   c - +0 shield
rNeg     . . .     Faith    .   l - +0 chain mail
rPois    .         Spirit   .   (no helmet)
rElec    .         Reflect  .   (no cloak)
rCorr    .         Harm     .   (no gloves)
MR       .....                  (no barding)
Stlth    ..........             (no amulet)
HPRegen  0.12/turn              (no ring)
MPRegen  0.09/turn              (no ring)

@: very quick
A: large, hooves 3, deformed body, speed 2, tough skin 3
a: no special abilities


You were on level 2 of the Dungeon.
You were hungry.

You visited 1 branch of the dungeon, and saw 2 of its levels.

You collected 110 gold pieces.

Inventory:

Hand Weapons
 a - a +0 trident (weapon)
Armour
 b - a +0 scale mail
 c - a +0 shield (worn)
 l - a +0 chain mail (worn)
Scrolls
 g - a scroll of fear {unknown}
 i - a scroll of amnesia {unknown}
 j - 2 scrolls of identify {unknown}
 m - a scroll of enchant weapon {unknown}
Potions
 d - a potion of might
 e - 4 potions of curing {unknown}
 h - a potion of heal wounds {unknown}
 k - a potion of lignification {unknown}
 o - 2 potions of flight {unknown}
Comestibles
 f - a ration
 n - 2 chunks of flesh


   Skills:
 + Level 3.5 Fighting
 + Level 2.4 Polearms
 + Level 2.6 Armour
 + Level 2.6 Shields


You had 3 spell levels left.
You didn't know any spells.
Your spell library was empty.

Dungeon Overview and Level Annotations

Branches:
Dungeon (2/15)

Altars:


Innate Abilities, Weirdness & Mutations

You have hooves in place of feet.
Armour fits poorly on your strangely shaped body.
You cover ground very quickly.
You have extremely tough skin. (AC +3)


Message History

Press: ? - help, Dir - move target cursor, f - gnoll
Aim: a gnoll, wielding a +0 spear You reach to attack!
You closely miss the gnoll.
The gnoll hits you from afar with a +0 spear.
* * * LOW HITPOINT WARNING * * *
Attack whom?
Press: ? - help, Dir - move target cursor, f/p - gnoll
Aim: a gnoll, wielding a +0 spear You reach to attack!
You barely miss the gnoll. You block the gnoll's attack.
Attack whom?
Press: ? - help, Dir - move target cursor, f/p - gnoll
Aim: a gnoll, wielding a +0 spear You reach to attack!
You closely miss the gnoll. You block the gnoll's attack.
Attack whom?
Press: ? - help, Dir - move target cursor, f/p - gnoll
Aim: a gnoll, wielding a +0 spear You reach to attack!
You hit the gnoll.
The gnoll is moderately wounded.
The gnoll hits you from afar with a +0 spear.
You die...

..............# ..
l..#....รท<...## ....##
...?..........###.....
####............#.#..
####..)....(.........
g.##...............#
..##...............###..
...#..........###.....%.
...#######....g)@..#
#...# ###.####...#
#...######s..## $......
....lg........######.###
.................. ..
......#.......#..# ##
......#.........##
......#........##
......####..####


You could see a gnoll.

Vanquished Creatures
  2 gnolls (D:2)
  An ooze (D:2)
  2 worms (D:2)
  2 leopard geckos
  5 giant cockroaches
  2 goblins (D:1)
  5 hobgoblins (D:1)
  3 jackals (D:1)
  3 kobolds (D:1)
  A quokka (D:2)
  4 bats (D:1)
  2 frilled lizards (D:1)
  4 rats (D:1)
36 creatures vanquished.

Notes
Turn   | Place    | Note
-------+----------+-------------------------------------------
     0 | D:1      | Blackhawk the Centaur Fighter began the quest for the Orb.
     0 | D:1      | Reached XP level 1. HP: 19/19 MP: 1/1
    71 | D:1      | Reached XP level 2. HP: 15/26 MP: 2/2
   608 | D:1      | Reached XP level 3. HP: 31/31 MP: 3/3
  1221 | D:2      | Reached XP level 4. HP: 8/38 MP: 4/4
  1225 | D:2      | Slain by a gnoll

Vault maps used:
D:1:      minmay_arrival_up_and_down, solitary_fountain, glass_columns_b,
          serial_bayou_lagoon_b
D:2:      lemuel_crystal_altar, elyvilon_altar_3, first_ration, uniq_sigmund,
          uniq_natasha

Skill      XL: |  1 |
---------------+----+-----
Polearms       | 2 |  2.4
Fighting       | |  3.5
Armour         | |  2.6
Shields        | |  2.6

Action                   |  1- 3 |  4- 6 || total
-------------------------+-------+-------++-------
Melee: Trident           |   104 |     4 ||   108
       Kick              |    14 |       ||    14
Armor: Scale mail        |    24 |       ||    24
       Chain mail        |     5 |       ||     5
Dodge: Dodged            |    10 |     1 ||    11
Block: Shield            |    37 |     3 ||    40

Table legend:
 A = Non-vault XP
 B = Vault XP
 C = Vault XP percentage of total XP
 D = Non-vault monster count
 E = Vault monster count
 F = Vault count percentage of total count
                 A         B        C        D         E       F
            +---------+---------+-------+---------+---------+-------
      Total |     101 |       0 |   0.0 |      36 |       0 |   0.0
            +---------+---------+-------+---------+---------+-------
        D:1 |      49 |       0 |   0.0 |      28 |       0 |   0.0
        D:2 |      52 |       0 |   0.0 |       8 |       0 |   0.0
            +---------+---------+-------+---------+---------+-------
